 Dungeon Crawl Stone Soup version 0.17.1-2-g5865329 (webtiles) character file.

114063 JustSomeDude the Cleaver (level 16, -18/137 HPs)
             Began as a Demonspawn Fighter on Jan 18, 2016.
             Killed from afar by a crystal guardian (42 damage)
             ... with a crystal bolt
             ... on level 3 of the Elven Halls.
             The game lasted 01:56:53 (27170 turns).

JustSomeDude the Cleaver (Demonspawn Fighter)      Turns: 27170, Time: 01:56:54

Health: -18/137    AC: 24    Str: 21    XL:     16   Next: 15%
Magic:  27/27      EV: 18    Int: 10    God:
Gold:   1598       SH: 17    Dex: 22    Spells: 0 memorised, 15 levels left

rFire  + + .     SeeInvis +     M - +9 war axe of Defence by Offence {chop, MR+ MP+9 Str-2}
rCold  . . .     Clarity  .     Y - +1 chain mail "Jaxkus" {rPois Dex+3}
rNeg   . . .     SustAt   .     j - +3 shield
rPois  +         Gourm    .     (helmet unavailable)
rElec  +         Spirit   .     J - +2 cloak of the Loofah {rCorr}
rCorr  +         Warding  .     y - +2 pair of gloves
rMut   .         Stasis   +     t - +1 pair of boots of Cyic {+Inv rElec rPois Dex-4}
MR     +++++                    G - amulet of Firghe {Stasis rF+ Dex+4 Slay+4 Stlth+}
Stlth  +.........               q - +2 ring of protection
                                g - ring of Xaqoirph {rC- MR+++ Str+3 Dex+7}

@: resistant (expiring), flying, very slightly contaminated, repel missiles,
almost entirely resistant to hostile enchantments, very unstealthy
A: antennae 3, repulsion field 3, blurry vision 1, clumsy 1, demonic guardian 2,
robust 1, spiny 1, weak 1, wild magic 1
a: Evoke Invisibility


You were on level 3 of the Elven Halls.
You were not hungry.

You visited 6 branches of the dungeon, and saw 28 of its levels.
You visited the Abyss 1 time.
You also visited: Ice Cave and Volcano.

You collected 2833 gold pieces.
You spent 1235 gold pieces at shops.

Inventory:

Hand Weapons
 z - the +4 mace of Giriez {freeze, rPois rC++ MP+9}
   (You found it on level 5 of the Dungeon)

   It has been specially enchanted to freeze those struck by it, causing extra
   injury to most foes and up to half again as much damage against particularly
   susceptible opponents.
   It can also slow down cold-blooded creatures.
   It greatly protects you from cold.
   It protects you from poison.
   It affects your magic capacity (+9).
 M - the +9 war axe of Defence by Offence (weapon) {chop, MR+ MP+9 Str-2}
   (You found it on level 3 of the Lair of Beasts)

   It inflicts extra damage upon your enemies.
   It affects your strength (-2).
   It affects your resistance to hostile enchantments.
   It affects your magic capacity (+9).
Missiles
 a - 9 javelins (quivered)
Armour
 j - a +3 shield (worn)
 t - the +1 pair of boots of Cyic (worn) {+Inv rElec rPois Dex-4}
   (You bought it in a shop on level 5 of the Dungeon)

   It affects your dexterity (-4).
   It insulates you from electricity.
   It protects you from poison.
   It lets you turn invisible.
 y - a +2 pair of gloves (worn)
 J - the +2 cloak of the Loofah (worn) {rCorr}
   (You found it on level 2 of the Lair of Beasts)

   It protects you from acid and corrosion.
 Y - the +1 chain mail "Jaxkus" (worn) {rPois Dex+3}
   (You found it in an ice cave)

   It affects your dexterity (+3).
   It protects you from poison.
Jewellery
 g - the ring of Xaqoirph (left hand) {rC- MR+++ Str+3 Dex+7}
   (You found it on level 6 of the Dungeon)

   [ring of strength]

   It affects your strength (+3).
   It affects your dexterity (+7).
   It makes you vulnerable to cold.
   It affects your resistance to hostile enchantments.
 k - an uncursed ring of flight
 q - a +2 ring of protection (right hand)
 G - the amulet of Firghe (around neck) {Stasis rF+ Dex+4 Slay+4 Stlth+}
   (You bought it in a shop on level 4 of the Orcish Mines)

   [amulet of stasis]

   It prevents you from being teleported, slowed, hasted or paralysed.
   It affects your dexterity (+4).
   It affects your accuracy and damage with ranged weapons and melee attacks
   (+4).
   It protects you from fire.
   It makes you more stealthy.
Wands
 m - a wand of lightning (10)
 o - a wand of slowing (27)
 s - a wand of lightning (3)
 u - a wand of flame (14)
 I - a wand of polymorph (16)
 Q - a wand of cold (5)
 U - a wand of confusion (17)
 W - a wand of draining (6)
Scrolls
 f - 4 scrolls of recharging
 h - 6 scrolls of identify
 l - 11 scrolls of remove curse
 n - a scroll of magic mapping
 p - 4 scrolls of enchant weapon
 x - a scroll of summoning
 N - 5 scrolls of blinking
 O - a scroll of silence
 R - a scroll of teleportation
 S - a scroll of amnesia
 V - 4 scrolls of fog
 Z - a scroll of fear
Potions
 c - a potion of resistance
 r - a potion of cancellation
 D - 2 potions of might
 H - 2 potions of agility
 P - 3 potions of flight
 T - a potion of brilliance
 X - 2 potions of lignification
Miscellaneous
 v - a plain deck of defence {drawn: 1}
 F - an ornate deck of changes {Dowsing}
 L - a plain deck of summoning {drawn: 2}
Comestibles
 e - 9 bread rations
 i - 5 meat rations
 w - 16 fruits


   Skills:
 + Level 11.3 Fighting
 * Level 14.0(14.8) Axes
 - Level 6.7(11.3) Maces & Flails
   Level 5.1(10.6) Polearms
 + Level 1.1 Throwing
 + Level 11.5 Armour
 + Level 8.1 Dodging
 + Level 3.5 Stealth
 + Level 12.9 Shields
 + Level 2.7 Evocations


You had 15 spell levels left.
You didn't know any spells.

Dungeon Overview and Level Annotations

Branches:
Dungeon (11/15)            Temple (1/1) D:4            Lair (8/8) D:9
 Shoals (0/4) Lair:6       Spider (0/4) Lair:6        Slime (1/6) Lair:7
    Orc (4/4) D:11            Elf (3/3) Orc:3

Altars:
Ashenzari
Cheibriados
Dithmenos
Elyvilon
Fedhas
Gozag
Kikubaaqudgha
Makhleb
Nemelex Xobeh
Okawaru
Qazlal
Ru
Sif Muna
Trog
Xom
Yredelemnul
Zin
The Shining One
Beogh

Shops:
D:5 *[(*   D:8 [   Orc:4 =[**}   Elf:2 :

Portals:
Hell: Lair:8


Innate Abilities, Weirdness & Mutations

You have a pair of large antennae on your head (SInv).
You are surrounded by a strong repulsion field (EV +4, rMsl).
A demonic guardian rushes to your aid.
You are robust (+10% HP).
You are partially covered in sharp spines.
Scrolls take you a little longer to read.
You are clumsy. (Dex -2)
You are weak. (Str -2)
Your spells are a little harder to cast, but a little more powerful.


Message History

Your ice devil hits the crystal guardian but does no damage.
The crystal guardian hits your ice devil!!
Your ice devil dies!
You completely miss the crystal guardian.
The crystal guardian is lightly damaged.
You block the crystal guardian's attack.
You slash the crystal guardian!
The crystal guardian is moderately damaged.
You start to feel less resistant.
You block the crystal guardian's attack.
You slash the crystal guardian!
The crystal guardian is heavily damaged.
You hit the crystal guardian but do no damage.
The crystal guardian is heavily damaged.
You block the crystal guardian's attack.
You hit the crystal guardian but do no damage.
The crystal guardian is heavily damaged.
The crystal guardian fires a crystalline bolt at you.
The crystal bolt freezes you!
You die...

#.......# #)#
##'#..P..##
###.......# #[#
##..PPP..##
..'.......# #)#
##..PPPPP..#
####.....## #.#
#..PPP8PPP.. ##'...+#
#.# ##.)PPPPP..#
##.#####.# #(#
##..PPP..## ##.## #.##
#.# ##'..P..## #)##
#)###8### ##.##...##
.##
##'...@.####.####.##
## ##.......##.## ###
# ##........)'##
##########...........#
.'.......'...........#
.#########...........#
.# #...........# ..#
#...........# ..#
##.........##


You could see a crystal guardian.

Vanquished Creatures
  A deep elf blademaster (Elf:3)
  Frances (Elf:1)
  Kirke (Lair:7)
  A deep elf sorcerer (Elf:1)
  Maud (Lair:5)
  A large abomination (Elf:2)
  Nessos (Lair:5)
  2 deep elf demonologists
  2 deep elf annihilators (Elf:3)
  Azrael (Orc:4)
  The ghost of BobbyTwoHands the Bludgeoner, a journeyman DrCK of Xom (Orc:4)
  A crystal guardian (Elf:3)
  2 deep elf high priests
  5 hydras
  Erica (D:11)
  Erolcha (D:11)
  13 dancing weapons (Elf:2)
  The ghost of Vallenta the Cruncher, a novice DrAE of Vehumet (D:9)
  2 death yaks (Lair:4)
  A hell knight (Volcano)
  14 deep elf knights
  2 ice devils (IceCv)
  An unseen horror (D:10)
  10 deep elf summoners
  A necromancer (IceCv)
  A hill giant (D:10)
  6 orc knights
  11 deep elf conjurers
  An oklob plant (Lair:5)
  An orc sorcerer (Orc:3)
  2 griffons
  7 elephants (Lair:7)
  A sixfirhy (Lair:8)
  3 ice statues (IceCv)
  3 orange demons (Lair:8)
  A torpor snail (shapeshifter) (Elf:3)
  A smoke demon (Lair:8)
  6 spiny frogs
  4 black mambas
  A komodo dragon (shapeshifter) (Elf:3)
  A gargoyle (D:10)
  A fire drake (Lair:7)
  7 deep elf priests
  4 red devils
  2 kobold demonologists (D:11)
  A hellwing (Lair:8)
  3 trolls
  6 komodo dragons
  7 blue devils
  Prince Ribbit (D:6)
  A snapping turtle (Lair:6)
  A spriggan (Lair:1)
  18 blink frogs
  A water elemental (D:11)
  A human (Lair:7)
  3 wyverns
  A hungry ghost (D:11)
  3 fire bats (Orc:4)
  8 hippogriffs
  2 shadows (D:11)
  A neqoxec (Abyss:1)
  11 yaks
  Grum (D:11)
  18 deep elf magi
  17 deep elf fighters
  4 basilisks
  Menkaure (D:4)
  2 fire elementals (Orc:4)
  2 hogs (Lair:7)
  17 water moccasins
  21 wolves
  8 wargs
  3 hell hounds
  2 soldier ants (D:8)
  13 porcupines
  Duvessa (D:5)
  10 ice beasts
  33 orc warriors
  A spider (D:8)
  18 crocodiles
  4 centaurs
  5 ogres
  17 giant frogs
  5 big kobolds
  Dowan (D:5)
  6 scorpions
  2 electric eels
  A small abomination (Abyss:1)
  2 quasits
  4 crimson imps
  20 orc priests
  A jelly (D:6)
  Crazy Yiuf (D:5)
  9 iguanas
  3 draconian simulacra (IceCv)
  Jessica (D:2)
  4 centaur skeletons
  2 giant frog skeletons
  5 hounds
  Terence (D:2)
  9 worker ants
  21 sheep
  4 troll simulacra (IceCv)
  22 orc wizards
  2 killer bee zombies
  2 centaur simulacra (IceCv)
  2 worker ant zombies
  17 adders
  4 gnolls
  An ogre simulacrum (IceCv)
  43 river rats
  2 shadow imps
  An adder zombie (D:6)
  An ooze (D:1)
  4 worms
  5 giant geckos
  166 orcs
  12 bats
  10 giant cockroaches
  6 goblins
  11 hobgoblins
  3 jackals
  4 quokkas
  A giant gecko zombie (D:7)
  6 giant newts
  A jackal skeleton (D:4)
  37 kobolds
  A quokka skeleton (D:4)
  2 quokka zombies
  12 rats
  A bush (Lair:5)
  6 fungi
  9 plants
895 creatures vanquished.

Vanquished Creatures (collateral kills)
  A deep elf annihilator (Elf:1)
  Snorg (Lair:6)
  2 hydras
  2 catoblepae (Lair:6)
  A death yak (Lair:4)
  A wizard (Lair:8)
  Sonja (Lair:2)
  3 deep elf knights
  A deep elf summoner (Elf:3)
  An orc sorcerer (Orc:4)
  9 elephants
  A black mamba (Lair:7)
  An orange demon (Lair:8)
  7 spiny frogs
  A fire drake (shapeshifter) (Elf:3)
  A deep elf priest (Elf:2)
  2 blue devils (Lair:8)
  A fire drake (Lair:8)
  12 blink frogs
  6 yaks
  A hippogriff (D:7)
  2 hogs (Lair:7)
  3 deep elf fighters
  A deep elf mage (Elf:1)
  A fire elemental (Orc:4)
  A basilisk (Lair:4)
  7 wolves
  A hell hound (Orc:4)
  A crocodile (Lair:8)
  A big kobold (D:9)
  2 giant frogs
  An orc priest (D:4)
  A centaur skeleton (D:9)
  An orc wizard (D:4)
  An iguana (D:8)
  3 sheep (Lair:1)
  A hound zombie (D:9)
  2 orcs
  A jackal (D:4)
  2 kobolds (D:9)
  A fungus (Lair:2)
90 creatures vanquished.

Vanquished Creatures (others)
  A dancing weapon (Elf:2)
  A deep elf fighter (Elf:3)
  A hell hound (Orc:4)
  4 fungi
  2 plants
  A starspawn tentacle (Abyss:1)
  21 starspawn tentacle segments (Abyss:1)
31 creatures vanquished.

Grand Total: 1016 creatures vanquished

Notes
Turn   | Place    | Note
--------------------------------------------------------------
     0 | D:1      | JustSomeDude the Demonspawn Fighter began the quest for the Orb.
     0 | D:1      | Reached XP level 1. HP: 18/18 MP: 1/1
   134 | D:1      | Gained mutation: You are partially covered in sharp spines. [demonic ancestry]
   134 | D:1      | Reached XP level 2. HP: 21/24 MP: 2/2
   615 | D:2      | Gained mutation: You have a pair of small antennae on your head. [demonic ancestry]
   615 | D:2      | Reached XP level 3. HP: 26/29 MP: 3/3
   715 | D:2      | Found a shattered altar of Ashenzari.
   809 | D:2      | Reached XP level 4. HP: 28/36 MP: 4/4
   951 | D:2      | Noticed Terence
   987 | D:2      | Noticed Jessica
   995 | D:2      | Killed Terence
   997 | D:2      | Reached skill level 1 in Dodging
  1001 | D:2      | Killed Jessica
  1010 | D:2      | Gained mutation: A weak demonic guardian rushes to your aid. [demonic ancestry]
  1010 | D:2      | Reached XP level 5. HP: 11/42 MP: 5/5
  1846 | D:3      | Reached skill level 4 in Fighting
  2066 | D:4      | Noticed Menkaure
  2240 | D:4      | Reached XP level 6. HP: 43/48 MP: 6/6
  2293 | D:4      | Reached skill level 1 in Stealth
  2594 | D:4      | Found a staircase to the Ecumenical Temple.
  2727 | D:4      | Killed Menkaure
  2727 | D:4      | Gained mutation: You are surrounded by a mild repulsion field (EV +2). [demonic ancestry]
  2727 | D:4      | Reached XP level 7. HP: 46/54 MP: 7/7
  3062 | Temple   | Entered the Ecumenical Temple
  3297 | D:5      | Entered Level 5 of the Dungeon
  3318 | D:5      | Found Kuufonoj's General Store.
  3323 | D:5      | Bought a scroll of summoning for 123 gold pieces
  3379 | D:5      | Noticed Dowan
  3380 | D:5      | Noticed Duvessa
  3391 | D:5      | Killed Duvessa
  3396 | D:5      | Killed Dowan
  3572 | D:5      | Found Qenlupoa's Antique Weapon Shoppe.
  3763 | D:5      | Found Elayl's Antique Armour Boutique.
  3863 | D:5      | Found Tan Guan's Assorted Antiques.
  3981 | D:5      | Noticed Crazy Yiuf
  3988 | D:5      | Killed Crazy Yiuf
  3993 | D:5      | Got a polished mace
  4005 | D:5      | Identified the +4 mace of Giriez {freeze, rPois rC++ MP+9} (You found it on level 5 of the Dungeon)
  4041 | D:5      | Reached skill level 5 in Shields
  4041 | D:5      | Gained mutation: You have a pair of antennae on your head. [demonic ancestry]
  4041 | D:5      | Reached XP level 8. HP: 57/61 MP: 8/8
  4251 | D:6      | Noticed Prince Ribbit
  4257 | D:6      | Killed Prince Ribbit
  4257 | D:6      | Reached skill level 5 in Armour
  4282 | D:6      | Got a heavily runed marble ring
  4307 | D:6      | Identified the ring of Xaqoirph {rC- MR+++ Str+3 Dex+7} (You found it on level 6 of the Dungeon)
  4458 | D:6      | Reached skill level 5 in Fighting
  4799 | D:6      | Reached skill level 1 in Maces & Flails
  4869 | D:6      | Reached skill level 5 in Polearms
  4926 | D:7      | Reached skill level 6 in Shields
  5543 | D:5      | Bought a pair of encrusted boots for 209 gold pieces
  5548 | D:5      | Identified the +1 pair of boots of Cyic {+Inv rElec rPois Dex-4} (You bought it in a shop on level 5 of the Dungeon)
  5628 | D:7      | Found a white marble altar of Elyvilon.
  5708 | D:7      | Gained mutation: A demonic guardian rushes to your aid. [demonic ancestry]
  5708 | D:7      | Reached XP level 9. HP: 68/68 MP: 9/9
  5832 | D:7      | Found a basalt altar of Yredelemnul.
  6215 | D:8      | Found an iron altar of Okawaru.
  6836 | D:8      | Reached skill level 7 in Shields
  6857 | D:8      | Found Pilu's Armour Boutique.
  7075 | D:9      | Noticed Vallenta's ghost (novice DrAE)
  7087 | D:9      | Killed Vallenta's ghost
  7177 | D:9      | Reached XP level 10. HP: 76/76 MP: 10/10
  7764 | D:9      | Found a staircase to the Lair.
  7882 | D:9      | Found a blossoming altar of Fedhas.
  8137 | Lair:1   | Entered Level 1 of the Lair of Beasts
  8152 | Lair:1   | Reached skill level 8 in Shields
  8370 | Lair:1   | Noticed a black mamba
  8377 | Lair:1   | Killed a black mamba
  8442 | Lair:1   | Reached skill level 5 in Maces & Flails
  9266 | Lair:1   | Reached skill level 9 in Shields
  9597 | Lair:1   | Gained mutation: You are surrounded by a moderate repulsion field (EV +3). [demonic ancestry]
  9597 | Lair:1   | Reached XP level 11. HP: 78/83 MP: 11/11
  9823 | Lair:2   | Got a twisted cloak
  9832 | Lair:2   | Identified the +2 cloak of the Loofah {rCorr} (You found it on level 2 of the Lair of Beasts)
  9959 | Lair:2   | Noticed Sonja
  9976 | Lair:2   | Cast into the Abyss (Sonja)
 10062 | Abyss:1  | Gained mutation: Your spells are a little harder to cast, but a little more powerful. [a neqoxec]
 10066 | Abyss:1  | Gained mutation: You are clumsy. (Dex -2) [a neqoxec]
 10090 | Abyss:1  | Noticed a thrashing horror
 10209 | Abyss:1  | Noticed a tentacled starspawn
 10228 | Abyss:1  | Noticed a thrashing horror
 10236 | Lair:2   | Escaped the Abyss
 10872 | Lair:2   | Killed Sonja
 10882 | Lair:2   | You fall through a shaft for 2 floors!
 10993 | Lair:4   | Reached skill level 1 in Evocations
 11082 | Lair:3   | Reached skill level 5 in Dodging
 11292 | Lair:3   | Reached skill level 1 in Throwing
 11626 | Lair:2   | Noticed a seven-headed hydra
 11633 | Lair:2   | Killed a seven-headed hydra
 11786 | Lair:3   | Reached skill level 10 in Shields
 12050 | Lair:3   | Got a fine war axe
 12051 | Lair:3   | Identified the +9 war axe of Defence by Offence {chop, MR+ MP+9 Str-2} (You found it on level 3 of the Lair of Beasts)
 12401 | Lair:3   | Noticed a seven-headed hydra
 12406 | Lair:3   | Killed a seven-headed hydra
 12466 | Lair:4   | Noticed a death yak
 12467 | Lair:4   | Noticed a death yak
 12467 | Lair:4   | Noticed a death yak
 12474 | Lair:4   | Killed a death yak
 12476 | Lair:4   | Reached skill level 1 in Axes
 12477 | Lair:4   | Killed a death yak
 12479 | Lair:4   | Killed a death yak
 12479 | Lair:4   | Reached XP level 12. HP: 41/91 MP: 13/13
 13259 | Lair:4   | Noticed a seven-headed hydra
 13269 | Lair:4   | Killed a seven-headed hydra
 13495 | Lair:5   | Noticed Nessos
 13504 | Lair:5   | Killed Nessos
 13850 | Lair:5   | Noticed Maud
 13864 | Lair:5   | Killed Maud
 13864 | Lair:5   | Reached skill level 5 in Axes
 14509 | Lair:5   | Got a jewelled dire flail
 14510 | Lair:5   | Identified the +8 dire flail "Luinat" {crush, rElec Str+3} (You found it on level 5 of the Lair of Beasts)
 14554 | Lair:6   | Noticed a six-headed hydra
 14557 | Lair:6   | Noticed a catoblepas
 14558 | Lair:6   | Killed a nine-headed hydra
 14564 | Lair:6   | Killed a catoblepas
 14636 | Lair:6   | Found a staircase to the Shoals.
 14773 | Lair:6   | Found a hole to the Spider Nest.
 14787 | Lair:6   | Reached skill level 10 in Armour
 14811 | Lair:6   | Noticed Snorg
 14823 | Lair:6   | Killed Snorg
 14924 | Lair:6   | Noticed a catoblepas
 14931 | Lair:6   | Killed a catoblepas
 15206 | Lair:6   | Got a jewelled quarterstaff
 15207 | Lair:6   | Identified the +9 quarterstaff "Luuthreh" {drain, MR+ Str+3 Dex+3} (You found it on level 6 of the Lair of Beasts)
 15718 | Lair:7   | Reached XP level 13. HP: 77/99 MP: 14/14
 15722 | Lair:7   | Reached skill level 11 in Shields
 15893 | Lair:7   | Identified a scroll of acquirement
 16046 | Lair:7   | Found a staircase to the Slime Pits.
 16341 | Lair:7   | Noticed Kirke
 16351 | Lair:7   | Killed Kirke
 16816 | Slime:1  | Entered Level 1 of the Pits of Slime
 16816 | Slime:1  | Noticed an azure jelly
 16887 | Lair:8   | Entered Level 8 of the Lair of Beasts
 17814 | Lair:8   | Found a burning altar of Makhleb.
 18107 | Lair:8   | Found a gateway to Hell.
 18153 | Lair:8   | Gained mutation: You are robust (+10% HP). [demonic ancestry]
 18153 | Lair:8   | Reached XP level 14. HP: 97/118 MP: 15/15
 18743 | D:10     | Entered Level 10 of the Dungeon
 19619 | D:11     | Noticed Grum
 19635 | D:11     | Killed Grum
 19677 | D:11     | Noticed Erolcha
 19678 | D:11     | Noticed Erica
 19688 | D:11     | Killed Erica
 19688 | D:11     | Reached skill level 10 in Axes
 19689 | D:11     | Killed Erolcha
 19927 | D:11     | Found a stormy altar of Qazlal.
 19942 | D:11     | Found a staircase to the Orcish Mines.
 19960 | Orc:1    | Entered Level 1 of the Orcish Mines
 20111 | Orc:1    | Found a roughly hewn altar of Beogh.
 20221 | Orc:1    | Found a frozen archway.
 20345 | IceCv    | Entered an ice cave
 20550 | IceCv    | Reached skill level 12 in Shields
 21133 | IceCv    | Got a steaming chain mail
 21142 | IceCv    | Got a transparent lajatang
 21143 | IceCv    | Identified the +12 lajatang "Fyitz" {slice, *Corrode rF++ rC+ SInv} (You found it in an ice cave)
 21155 | IceCv    | Identified the cursed +1 chain mail "Jaxkus" {rPois Dex+3} (You found it in an ice cave)
 21636 | Orc:3    | Found a roughly hewn altar of Beogh.
 21682 | Orc:3    | You fall through a shaft!
 21682 | Orc:4    | Entered Level 4 of the Orcish Mines
 21686 | Orc:4    | Noticed Azrael
 21705 | Orc:4    | Killed Azrael
 21759 | Orc:4    | Noticed BobbyTwoHands's ghost (journeyman DrCK)
 21792 | Orc:4    | Found a roughly hewn altar of Beogh.
 22185 | Orc:4    | Reached skill level 10 in Fighting
 22235 | Orc:4    | Found a dark tunnel.
 22245 | Volcano  | Entered a volcano
 22626 | Orc:4    | Found Syuchelu's Gadget Emporium.
 22881 | Orc:4    | Found Ikior's General Store.
 22977 | Orc:4    | Found a roughly hewn altar of Beogh.
 23001 | Orc:4    | Found Tusk's Armour Boutique.
 23001 | Orc:4    | Found Vivogg's General Store.
 23016 | Orc:4    | Bought a potion of berserk rage for 70 gold pieces
 23185 | Orc:4    | Killed BobbyTwoHands's ghost
 23309 | Orc:4    | Found Mofol Yptudgh's Jewellery Boutique.
 23317 | Orc:4    | Bought the amulet of Firghe {Stasis rF+ Dex+4 Slay+4 Stlth+} for 833 gold pieces
 23950 | Orc:3    | Found a staircase to the Elven Halls.
 23961 | Elf:1    | Entered Level 1 of the Elven Halls
 24031 | Elf:1    | Gained mutation: You are surrounded by a strong repulsion field (EV +4, rMsl). [demonic ancestry]
 24031 | Elf:1    | Reached XP level 15. HP: 122/128 MP: 17/17
 24182 | Elf:1    | Noticed a deep elf sorcerer
 24243 | Elf:1    | Killed a deep elf sorcerer
 24434 | Elf:1    | Noticed a Hell Sentinel
 24464 | Elf:1    | Noticed an Executioner
 24669 | Elf:1    | Identified the Handbook of Supportive Conjuration
 24783 | Elf:1    | Noticed Frances
 24796 | Elf:1    | Killed Frances
 25192 | Elf:2    | Found a runed gate.
 25192 | Elf:2    | Found a runed gate.
 25192 | Elf:2    | Found a runed gate.
 25496 | Elf:2    | Reached skill level 13 in Axes
 26048 | Elf:2    | Found Eduicug's Book Shop.
 26504 | Elf:3    | Entered Level 3 of the Elven Halls
 26717 | Elf:3    | Gained mutation: You have a pair of large antennae on your head (SInv). [demonic ancestry]
 26717 | Elf:3    | Reached XP level 16. HP: 127/137 MP: 18/18
 26881 | Elf:3    | Gained mutation: Scrolls take you a little longer to read. [mutagenic meat]
 26882 | Elf:3    | Gained mutation: You are weak. (Str -2) [mutagenic meat]
 27075 | Elf:3    | Noticed a deep elf blademaster
 27118 | Elf:3    | Killed a deep elf blademaster
 27127 | Elf:3    | Reached skill level 14 in Axes
 27157 | Elf:3    | HP: 4/137 [crystal guardian/crystal bolt (30)]
 27170 | Elf:3    | Killed from afar by a crystal guardian

Action                   |  1- 3 |  4- 6 |  7- 9 | 10-12 | 13-15 | 16-18 || total
-------------------------+-------+-------+-------+-------+-------+-------++-------
Melee: Trident           |    91 |   168 |    73 |       |       |       ||   332
       Mace              |       |       |   229 |   485 |    45 |       ||   759
       War axe           |       |       |       |   219 |  1195 |    53 ||  1467
Throw: Javelin           |       |       |       |     6 |     1 |       ||     7
 Abil: Evoke Berserk Rag |       |       |       |     2 |       |       ||     2
       Evoke Invisibilit |       |       |       |     2 |       |       ||     2
Evoke: Wand              |       |       |       |    13 |     2 |       ||    15
       Deck              |       |       |       |     1 |     2 |       ||     3
  Use: Potion            |       |     3 |     6 |     7 |    17 |    10 ||    43
       Scroll            |       |       |    13 |     8 |    17 |       ||    38
 Stab: Invisible         |       |     2 |       |     2 |       |       ||     4
       Distracted        |       |     1 |       |       |     4 |       ||     5
  Eat: Chunk             |       |     6 |     4 |    14 |     3 |     2 ||    29
       Meat ration       |       |       |     2 |     3 |       |     1 ||     6
       Fruit             |       |       |     1 |     4 |     4 |       ||     9
       Beef jerky        |       |       |       |     3 |       |       ||     3
       Pizza             |       |       |       |     2 |       |       ||     2
       Royal jelly       |       |       |       |       |     9 |       ||     9
       Bread ration      |       |       |       |       |     1 |       ||     1
